General information
- name: BNet
- type: Ladder team game (AT/RT)
- host: Battle.net
- saver: Potato_Battery
map: DragonFalls
- players: 8
- length: 28:54
- speed: Fast
- version: 1.26 W3XP
- replay type: Public
» download(240 KB)
Players
team 1 (loser)
Blackeye41 (
yellow | 44 APM | 1181 actions | 26:58)
4 Blademaster
2 Critical Strike
2 Wind Walk
» actions
| Assign group hotkey | 8 | |
| Build / train | 76 | |
| Enter build submenu | 34 | |
| Enter hero's abilities submenu | 4 | |
| Remove unit from queue | 11 | |
| Right click | 524 | |
| Select / deselect | 405 | |
| Select group hotkey | 48 | |
| Use ability | 71 | |
1181 total
» units
| Peon | 21 | |
| Grunt | 8 | |
| Raider | 6 | |
| Shaman | 6 | |
| Tauren | 3 | |
| Wind Rider | 1 | |
| Rifleman | 2 | |
| Flying Machine | 3 | |
50 total
» upgrades
| Ranged Weapons | 1 | |
| Melee Weapons | 3 | |
| Armor | 2 | |
| Pillage | 1 | |
| Spiked Barricades | 1 | |
| Ensnare | 1 | |
| Shaman Training | 2 | |
11 total
» buildings
| Altar of Storms | 2 | |
| Barracks | 2 | |
| Orc Burrow | 11 | |
| War Mill | 1 | |
| Voodoo Lounge | 1 | |
| Watch Tower | 2 | |
| Stronghold | 1 | |
| Great Hall | 1 | |
| Spirit Lodge | 3 | |
| Beastiary | 2 | |
| Fortress | 1 | |
| Tauren Totem | 2 | |
29 total
» build order
00:06 Altar of Storms
00:07 Barracks
00:10 Orc Burrow
00:15 Altar of Storms
02:41 War Mill
03:58 Orc Burrow
04:20 Orc Burrow
04:24 Voodoo Lounge
05:11 Orc Burrow
05:14 Barracks
05:19 Watch Tower
08:11 Orc Burrow
08:14 Stronghold
08:35 Watch Tower
09:07 Great Hall
11:17 Spirit Lodge
11:18 Beastiary
11:21 Beastiary
11:27 Spirit Lodge
11:33 Spirit Lodge
11:46 Orc Burrow
14:50 Fortress
16:56 Orc Burrow
16:58 Orc Burrow
17:01 Orc Burrow
17:03 Orc Burrow
17:06 Orc Burrow
19:24 Tauren Totem
19:25 Tauren Totem
» items
| Healing Salve | 1 | |
| Lesser Clarity Potion | 1 | |
| Potion of Healing | 1 | |
3 total

»
READ_MY_BLOG (
blue | 71 APM | 2037 actions | 28:45)
8 Blademaster
3 Wind Walk
3 Critical Strike
1 Bladestorm
1 Mirror Image
» actions
| Assign group hotkey | 24 | |
| Basic commands | 20 | |
| Build / train | 79 | |
| Enter build submenu | 37 | |
| Enter hero's abilities submenu | 8 | |
| Give item / drop item | 16 | |
| Remove unit from queue | 1 | |
| Right click | 929 | |
| Select / deselect | 262 | |
| Select group hotkey | 528 | |
| Use ability | 132 | |
2037 total
» units
| Peon | 12 | |
| Troll Batrider | 20 | |
| Wind Rider | 8 | |
| Kodo Beast | 1 | |
41 total
» upgrades
| Ranged Weapons | 3 | |
| Liquid Fire | 1 | |
| Reinforced Defenses | 1 | |
| Envenomed Spears | 1 | |
6 total
» buildings
| Altar of Storms | 1 | |
| Orc Burrow | 9 | |
| War Mill | 1 | |
| Voodoo Lounge | 1 | |
| Watch Tower | 13 | |
| Stronghold | 1 | |
| Fortress | 1 | |
| Beastiary | 4 | |
| Great Hall | 1 | |
32 total
» build order
00:08 Altar of Storms
00:20 Orc Burrow
01:02 War Mill
01:31 Voodoo Lounge
02:24 Watch Tower
02:25 Watch Tower
03:08 Stronghold
03:15 Orc Burrow
03:36 Watch Tower
03:56 Watch Tower
05:39 Fortress
05:43 Beastiary
05:43 Beastiary
06:14 Watch Tower
06:16 Beastiary
06:39 Orc Burrow
06:40 Orc Burrow
07:04 Watch Tower
12:10 Great Hall
12:12 Watch Tower
12:50 Watch Tower
12:50 Watch Tower
12:51 Watch Tower
15:53 Beastiary
16:44 Watch Tower
16:44 Watch Tower
16:45 Watch Tower
22:03 Orc Burrow
22:04 Orc Burrow
22:04 Orc Burrow
22:05 Orc Burrow
22:06 Orc Burrow
» items
| Healing Salve | 3 | |
| Lesser Clarity Potion | 9 | |
| Scroll of Speed | 3 | |
| Orb of Lightning | 1 | |
| Staff of Teleportation | 1 | |
| Boots of Speed | 1 | |
| Potion of Lesser Invulnerability | 1 | |
| Potion of Healing | 1 | |
20 total

»
SwedishSemiPro (
purple | 51 APM | 1466 actions | 28:53)
6 Archmage
2 Summon Water Elemental
3 Brilliance Aura
1 Mass Teleport
» actions
| Assign group hotkey | 233 | |
| Basic commands | 47 | |
| Build / train | 72 | |
| Enter build submenu | 27 | |
| Enter hero's abilities submenu | 6 | |
| Remove unit from queue | 1 | |
| Right click | 549 | |
| Select / deselect | 199 | |
| Select group hotkey | 230 | |
| Use ability | 102 | |
1466 total
» units
| Peasant | 8 | |
| Footman | 1 | |
| Dragonhawk Rider | 6 | |
| Green Drake | 1 | |
| Green Dragon Whelp | 1 | |
| Green Dragon | 1 | |
| Mortar Team | 5 | |
| Sorceress | 4 | |
27 total
» upgrades
| Masonry | 1 | |
| Lumber Harvesting | 2 | |
| Cloud | 1 | |
| Storm Hammers | 1 | |
| Fragmentation Shards | 1 | |
| Flare | 1 | |
| Sorceress Training | 2 | |
| Gunpowder | 1 | |
| Armor | 1 | |
| Barrage | 1 | |
12 total
» buildings
| Altar of Kings | 1 | |
| Farm | 7 | |
| Barracks | 1 | |
| Scout Tower | 3 | |
| Lumber Mill | 1 | |
| Arcane Tower | 3 | |
| Arcane Vault | 1 | |
| Keep | 1 | |
| Blacksmith | 1 | |
| Guard Tower | 3 | |
| Gryphon Aviary | 2 | |
| Arcane Sanctum | 2 | |
| Castle | 1 | |
| Workshop | 4 | |
31 total
» build order
00:25 Altar of Kings
00:49 Farm
01:21 Barracks
01:24 Scout Tower
01:29 Lumber Mill
01:41 Farm
01:45 Farm
02:10 Farm
02:52 Arcane Tower
02:56 Scout Tower
03:25 Arcane Tower
03:41 Arcane Vault
03:48 Keep
04:40 Farm
04:44 Farm
04:51 Scout Tower
05:24 Farm
05:35 Blacksmith
06:04 Guard Tower
06:18 Gryphon Aviary
06:21 Gryphon Aviary
07:08 Guard Tower
07:14 Arcane Tower
08:36 Arcane Sanctum
10:20 Castle
11:40 Guard Tower
15:06 Arcane Sanctum
15:09 Workshop
15:13 Workshop
15:17 Workshop
15:40 Workshop
» items
| Scroll of Regeneration | 3 | |
| Lesser Clarity Potion | 2 | |
| Mechanical Critter | 4 | |
| Ivory Tower | 3 | |
| Scroll of Town Portal | 2 | |
| Potion of Healing | 2 | |
| Orb of Fire | 1 | |
17 total
imjustterrific (
red | 67 APM | 1545 actions | 23:04)
6 Paladin
2 Devotion Aura
2 Holy Light
1 Divine Shield
1 Resurrection
» actions
| Basic commands | 3 | |
| Build / train | 91 | |
| Enter build submenu | 33 | |
| Enter hero's abilities submenu | 6 | |
| Give item / drop item | 3 | |
| Remove unit from queue | 1 | |
| Right click | 978 | |
| Select / deselect | 376 | |
| Use ability | 54 | |
1545 total
» units
| Peasant | 14 | |
| Rifleman | 25 | |
| Mortar Team | 10 | |
| Siege Engine | 3 | |
52 total
» upgrades
| Gunpowder | 3 | |
| Armor | 3 | |
| Long Rifles | 1 | |
| Flare | 1 | |
| Fragmentation Shards | 1 | |
| Barrage | 1 | |
10 total
» buildings
| Barracks | 2 | |
| Farm | 13 | |
| Blacksmith | 1 | |
| Lumber Mill | 1 | |
| Altar of Kings | 1 | |
| Keep | 1 | |
| Arcane Vault | 1 | |
| Castle | 1 | |
| Town Hall | 1 | |
| Workshop | 1 | |
| Scout Tower | 8 | |
| Guard Tower | 5 | |
36 total
» build order
00:05 Barracks
00:23 Farm
00:41 Barracks
01:34 Blacksmith
01:57 Lumber Mill
02:12 Altar of Kings
02:16 Farm
02:54 Farm
04:05 Keep
04:11 Farm
04:13 Farm
06:08 Arcane Vault
06:51 Castle
07:03 Town Hall
07:16 Farm
07:30 Workshop
08:28 Scout Tower
09:14 Guard Tower
10:35 Scout Tower
10:59 Scout Tower
11:00 Scout Tower
11:01 Scout Tower
11:13 Guard Tower
12:03 Farm
12:04 Farm
12:05 Farm
12:07 Guard Tower
13:37 Guard Tower
13:41 Farm
13:45 Farm
15:22 Scout Tower
16:17 Guard Tower
16:20 Farm
19:16 Farm
22:34 Scout Tower
22:36 Scout Tower
» items
| Healing Salve | 1 | |
| Circlet of Nobility | 1 | |
| Boots of Speed | 1 | |
| Orb of Lightning | 5 | |
| Scroll of Town Portal | 1 | |
| Potion of Healing | 1 | |
| Orb of Fire | 1 | |
11 total
team 2 (winner)

»
garybier (
orange | 47 APM | 1363 actions | 28:54)
6 Blademaster
3 Wind Walk
2 Mirror Image
1 Bladestorm
4 Tauren Chieftain
2 War Stomp
2 Endurance Aura
» actions
| Assign group hotkey | 18 | |
| Basic commands | 5 | |
| Build / train | 72 | |
| Enter build submenu | 19 | |
| Enter hero's abilities submenu | 10 | |
| Give item / drop item | 2 | |
| Remove unit from queue | 2 | |
| Right click | 530 | |
| Select / deselect | 233 | |
| Select group hotkey | 400 | |
| Use ability | 72 | |
1363 total
» units
| Peon | 8 | |
| Grunt | 14 | |
| Troll Headhunter/Berserker | 2 | |
| Troll Witch Doctor | 6 | |
| Shaman | 7 | |
37 total
» upgrades
| Armor | 3 | |
| Melee Weapons | 3 | |
| Berserker Strength | 1 | |
| Shaman Training | 2 | |
| Witch Doctor Training | 3 | |
12 total
» buildings
| Altar of Storms | 1 | |
| Orc Burrow | 8 | |
| Barracks | 1 | |
| War Mill | 1 | |
| Voodoo Lounge | 1 | |
| Stronghold | 1 | |
| Watch Tower | 3 | |
| Spirit Lodge | 1 | |
| Fortress | 1 | |
| Great Hall | 2 | |
20 total
» build order
00:09 Altar of Storms
00:15 Orc Burrow
00:57 Barracks
01:43 Orc Burrow
02:35 Orc Burrow
03:36 Orc Burrow
04:22 War Mill
04:32 Voodoo Lounge
04:50 Stronghold
05:46 Watch Tower
06:57 Watch Tower
07:54 Spirit Lodge
09:25 Fortress
12:04 Great Hall
18:26 Orc Burrow
18:29 Orc Burrow
18:31 Orc Burrow
23:01 Watch Tower
24:48 Orc Burrow
28:40 Great Hall
» items
| Healing Salve | 1 | |
| Orb of Lightning | 2 | |
| Scroll of Speed | 1 | |
| Scroll of Town Portal | 1 | |
| Circlet of Nobility | 1 | |
| Potion of Lesser Invulnerability | 1 | |
7 total

»
OBAMA_PYLON (
teal | 127 APM | 3685 actions | 28:54)
4 Archmage
2 Summon Water Elemental
2 Brilliance Aura
1 Paladin
1 Devotion Aura
» actions
| Assign group hotkey | 171 | |
| Basic commands | 301 | |
| Build / train | 164 | |
| ESC pressed | 13 | |
| Enter build submenu | 101 | |
| Enter hero's abilities submenu | 6 | |
| Give item / drop item | 5 | |
| Right click | 1292 | |
| Select / deselect | 781 | |
| Select group hotkey | 518 | |
| Use ability | 329 | |
3685 total
» units
| Peasant | 54 | |
| Footman | 8 | |
| Siege Engine | 4 | |
66 total
» upgrades
| Lumber Harvesting | 2 | |
| Masonry | 3 | |
| Barrage | 1 | |
| Plating | 2 | |
| Gunpowder | 2 | |
| Magic Sentry | 1 | |
11 total
» buildings
| Barracks | 1 | |
| Farm | 8 | |
| Altar of Kings | 1 | |
| Lumber Mill | 5 | |
| Scout Tower | 154 | |
| Town Hall | 8 | |
| Arcane Vault | 2 | |
| Guard Tower | 56 | |
| Arcane Tower | 6 | |
| Keep | 2 | |
| Blacksmith | 2 | |
| Castle | 1 | |
| Workshop | 3 | |
| Arcane Sanctum | 2 | |
251 total
» build order
00:22 Barracks
00:34 Farm
00:35 Farm
00:50 Altar of Kings
01:35 Lumber Mill
01:38 Farm
02:18 Scout Tower
02:45 Farm
03:27 Farm
03:48 Farm
04:32 Town Hall
04:34 Scout Tower
04:34 Scout Tower
04:35 Scout Tower
04:37 Scout Tower
04:39 Arcane Vault
05:16 Guard Tower
05:25 Scout Tower
05:39 Guard Tower
05:39 Guard Tower
06:18 Arcane Tower
06:29 Arcane Tower
07:59 Scout Tower
08:00 Scout Tower
08:00 Scout Tower
08:24 Keep
08:25 Keep
08:48 Guard Tower
08:52 Arcane Vault
08:54 Scout Tower
08:57 Scout Tower
09:23 Lumber Mill
09:56 Blacksmith
10:00 Blacksmith
11:00 Scout Tower
11:01 Scout Tower
11:02 Scout Tower
11:03 Scout Tower
11:03 Scout Tower
11:04 Scout Tower
11:05 Scout Tower
11:17 Scout Tower
11:18 Scout Tower
11:18 Scout Tower
11:19 Scout Tower
11:20 Scout Tower
11:22 Scout Tower
11:23 Scout Tower
11:24 Scout Tower
11:36 Arcane Tower
11:36 Arcane Tower
11:39 Guard Tower
12:00 Guard Tower
12:02 Lumber Mill
12:06 Castle
12:14 Town Hall
12:15 Guard Tower
12:19 Guard Tower
12:19 Guard Tower
12:21 Scout Tower
12:23 Scout Tower
12:32 Guard Tower
12:33 Guard Tower
12:51 Town Hall
13:07 Guard Tower
13:20 Guard Tower
13:20 Guard Tower
13:22 Scout Tower
13:23 Scout Tower
13:26 Workshop
13:26 Workshop
13:27 Workshop
13:51 Town Hall
13:54 Farm
14:04 Farm
14:09 Guard Tower
14:10 Guard Tower
14:10 Guard Tower
14:11 Guard Tower
14:39 Guard Tower
14:39 Guard Tower
15:23 Scout Tower
15:23 Scout Tower
15:24 Scout Tower
15:25 Arcane Sanctum
15:31 Arcane Sanctum
15:33 Scout Tower
15:33 Scout Tower
15:56 Scout Tower
15:56 Scout Tower
15:57 Scout Tower
15:57 Scout Tower
16:12 Arcane Tower
16:13 Guard Tower
16:14 Guard Tower
16:14 Guard Tower
16:37 Lumber Mill
17:14 Town Hall
17:16 Scout Tower
17:16 Scout Tower
17:17 Scout Tower
17:18 Scout Tower
17:19 Scout Tower
17:19 Scout Tower
17:19 Scout Tower
17:20 Scout Tower
17:21 Scout Tower
18:54 Town Hall
18:55 Scout Tower
18:55 Scout Tower
18:56 Scout Tower
18:57 Scout Tower
18:57 Scout Tower
18:58 Scout Tower
18:58 Scout Tower
18:59 Scout Tower
19:00 Scout Tower
19:00 Scout Tower
19:01 Scout Tower
19:01 Scout Tower
19:02 Scout Tower
19:03 Scout Tower
19:14 Scout Tower
19:15 Scout Tower
19:15 Scout Tower
19:16 Scout Tower
19:16 Scout Tower
19:19 Scout Tower
19:19 Scout Tower
19:20 Scout Tower
19:21 Scout Tower
19:21 Scout Tower
19:23 Scout Tower
19:23 Scout Tower
19:24 Scout Tower
19:25 Scout Tower
19:26 Scout Tower
19:26 Scout Tower
19:26 Scout Tower
19:38 Scout Tower
19:39 Scout Tower
19:40 Guard Tower
19:40 Guard Tower
20:00 Scout Tower
20:01 Scout Tower
21:29 Guard Tower
21:30 Guard Tower
21:31 Guard Tower
21:35 Scout Tower
21:35 Scout Tower
21:36 Scout Tower
21:37 Scout Tower
21:37 Scout Tower
21:38 Scout Tower
21:38 Scout Tower
21:40 Scout Tower
21:53 Guard Tower
21:54 Guard Tower
21:55 Scout Tower
21:56 Scout Tower
21:57 Scout Tower
22:29 Guard Tower
22:29 Guard Tower
22:34 Guard Tower
22:37 Scout Tower
22:39 Scout Tower
22:39 Scout Tower
22:44 Guard Tower
23:00 Scout Tower
23:00 Scout Tower
23:01 Scout Tower
23:02 Scout Tower
23:03 Scout Tower
23:04 Scout Tower
23:05 Scout Tower
23:06 Scout Tower
23:15 Lumber Mill
23:19 Scout Tower
23:20 Scout Tower
23:20 Scout Tower
23:21 Scout Tower
23:21 Scout Tower
23:23 Scout Tower
23:23 Scout Tower
23:23 Scout Tower
23:25 Scout Tower
23:31 Guard Tower
23:52 Scout Tower
23:53 Scout Tower
23:59 Guard Tower
24:01 Guard Tower
24:03 Scout Tower
24:10 Guard Tower
24:13 Scout Tower
24:13 Scout Tower
24:34 Scout Tower
24:34 Scout Tower
24:35 Scout Tower
24:35 Scout Tower
24:36 Scout Tower
24:36 Scout Tower
24:36 Scout Tower
24:37 Scout Tower
24:44 Guard Tower
24:55 Guard Tower
24:56 Scout Tower
24:57 Scout Tower
24:58 Scout Tower
24:58 Scout Tower
24:59 Scout Tower
24:59 Scout Tower
25:06 Scout Tower
25:07 Scout Tower
25:07 Scout Tower
25:37 Guard Tower
25:37 Guard Tower
25:48 Guard Tower
25:48 Guard Tower
26:39 Town Hall
26:47 Scout Tower
26:48 Scout Tower
26:48 Scout Tower
26:49 Scout Tower
26:49 Scout Tower
26:50 Scout Tower
26:50 Scout Tower
26:50 Scout Tower
26:51 Scout Tower
27:14 Town Hall
27:15 Scout Tower
27:15 Scout Tower
27:16 Guard Tower
28:05 Scout Tower
28:06 Scout Tower
28:07 Scout Tower
28:07 Scout Tower
28:12 Guard Tower
28:12 Guard Tower
28:12 Guard Tower
» items
| Scroll of Regeneration | 2 | |
| Lesser Clarity Potion | 2 | |
| Boots of Speed | 1 | |
| Staff of Teleportation | 2 | |
| Scroll of Healing | 1 | |
| Potion of Healing | 2 | |
| Potion of Mana | 1 | |
11 total
Potato_Battery (
pink | 67 APM | 1925 actions | 28:54)
6 Dark Ranger
2 Black Arrow
3 Silence
1 Charm
3 Pit Lord
2 Howl of Terror
1 Cleaving Attack
» actions
| Assign group hotkey | 43 | |
| Basic commands | 257 | |
| Build / train | 75 | |
| ESC pressed | 2 | |
| Enter build submenu | 25 | |
| Enter hero's abilities submenu | 10 | |
| Give item / drop item | 3 | |
| Remove unit from queue | 1 | |
| Right click | 621 | |
| Select / deselect | 458 | |
| Select group hotkey | 341 | |
| Use ability | 88 | |
1925 total
» units
| Peon | 12 | |
| Troll Headhunter/Berserker | 15 | |
| Shaman | 10 | |
| Goblin Shredder | 1 | |
38 total
» upgrades
| Ranged Weapons | 3 | |
| Troll Regeneration | 1 | |
| Shaman Training | 2 | |
| Berserker Upgrade | 1 | |
| Armor | 3 | |
| Reinforced Defenses | 1 | |
11 total
» buildings
| Altar of Storms | 2 | |
| Barracks | 2 | |
| Orc Burrow | 6 | |
| War Mill | 2 | |
| Voodoo Lounge | 1 | |
| Stronghold | 1 | |
| Spirit Lodge | 1 | |
| Fortress | 2 | |
| Watch Tower | 7 | |
| Great Hall | 1 | |
25 total
» build order
00:04 Altar of Storms
00:08 Altar of Storms
00:11 Barracks
00:14 Orc Burrow
02:12 War Mill
02:46 Voodoo Lounge
03:00 Barracks
03:34 Orc Burrow
04:56 Stronghold
06:34 Orc Burrow
07:54 Spirit Lodge
08:08 Fortress
08:25 Orc Burrow
09:23 Fortress
10:17 Watch Tower
10:59 Watch Tower
11:02 Watch Tower
11:13 Watch Tower
14:56 Orc Burrow
19:43 War Mill
21:38 Orc Burrow
23:16 Great Hall
24:12 Watch Tower
24:16 Watch Tower
24:18 Watch Tower
» items
| Potion of Healing | 4 | |
| Scroll of Town Portal | 3 | |
| Orb of Lightning | 1 | |
| Healing Salve | 1 | |
9 total
OMG_Daddy_NO (
green | 39 APM | 1123 actions | 28:54)
5 Death Knight
3 Death Coil
2 Unholy Aura
6 Lich
3 Frost Nova
2 Frost Armor
1 Death and Decay
» actions
| Basic commands | 3 | |
| Build / train | 71 | |
| Enter build submenu | 25 | |
| Enter hero's abilities submenu | 12 | |
| Give item / drop item | 1 | |
| Right click | 675 | |
| Select / deselect | 280 | |
| Use ability | 56 | |
1123 total
» units
| Acolyte | 11 | |
| Ghoul | 5 | |
| Crypt Fiend | 9 | |
| Obsidian Statue | 1 | |
| Frost Wyrm | 6 | |
32 total
» upgrades
| Creature Attack | 3 | |
| Web | 1 | |
| Creature Carapace | 3 | |
| Freezing Breath | 1 | |
8 total
» buildings
| Crypt | 1 | |
| Altar of Darkness | 1 | |
| Graveyard | 1 | |
| Ziggurat | 13 | |
| Nerubian Tower | 1 | |
| Halls of the Dead | 1 | |
| Spirit Tower | 11 | |
| Black Citadel | 1 | |
| Slaughterhouse | 1 | |
| Tomb of Relics | 1 | |
| Sacrificial Pit | 1 | |
| Boneyard | 2 | |
35 total
» build order
00:24 Crypt
00:27 Altar of Darkness
00:48 Graveyard
00:58 Ziggurat
01:13 Ziggurat
01:58 Nerubian Tower
03:24 Halls of the Dead
04:04 Ziggurat
05:23 Spirit Tower
06:14 Ziggurat
06:16 Ziggurat
06:19 Black Citadel
07:05 Slaughterhouse
07:10 Tomb of Relics
07:21 Sacrificial Pit
07:29 Ziggurat
08:49 Boneyard
09:01 Boneyard
11:01 Spirit Tower
11:03 Spirit Tower
13:38 Ziggurat
13:46 Ziggurat
13:50 Spirit Tower
15:25 Ziggurat
15:36 Spirit Tower
15:39 Spirit Tower
15:41 Spirit Tower
17:02 Ziggurat
17:03 Ziggurat
17:06 Ziggurat
17:11 Ziggurat
17:14 Spirit Tower
17:55 Spirit Tower
17:56 Spirit Tower
18:04 Spirit Tower
» items
| Scroll of Town Portal | 1 | |
| Potion of Mana | 1 | |
| Scroll of Healing | 1 | |
| Orb of Corruption | 1 | |
4 total
Chat log
(00:10 / All) imjustterrific: what is with all the lv 1s
(00:15 / All) OMG_Daddy_NO: cuz we're prosauce
(00:15 / All) OBAMA_PYLON: We just played with you.
(00:17 / All) OBAMA_PYLON: AUHEUAHEUAHEUHAUAEH XD
(00:17 / All) Potato_Battery: we're newb
(00:29 / All) Potato_Battery: really, we did?
(00:30 / All) Potato_Battery: i don't remember
(00:35 / All) SwedishSemiPro: GUYS IM NEW TO THIS GAME
(00:36 / All) READ_MY_BLOG: must be depressing being level 22 and constantly matching level 1s
(00:38 / All) SwedishSemiPro: HOW DO I SAVE MY CHARACTER
(00:40 / All) OMG_Daddy_NO: just raped 4 noobs in the toruny so felt like owning some niggers here
(00:42 / All) OBAMA_PYLON: Blue from last game.
(00:44 / All) SwedishSemiPro: SO I DONT HAVE TO LEVEL MY HERO AGAIN NEXT GAME?????
(00:46 / All) READ_MY_BLOG: its like bnet slapping you and telling you how bad you are
(00:46 / All) OBAMA_PYLON: I understand, green. <3
(00:52 / All) Potato_Battery: ah,
(01:04 / All) OBAMA_PYLON: Hey green, can you mass Wyrms?
(01:07 / All) Potato_Battery: nope. never paid attention to his name
(01:08 / All) OBAMA_PYLON: I hear the cool kids at school do it.
(01:09 / All) OMG_Daddy_NO: ok brao
(01:18 / All) OMG_Daddy_NO: omg really
(01:25 / All) OMG_Daddy_NO: im cool so ok ill do it 4 u k brao
(01:25 / All) OBAMA_PYLON: Yup!
(01:27 / All) OBAMA_PYLON: <3
(01:35 / All) OMG_Daddy_NO: :3
(01:36 / All) Potato_Battery: i only even noticed ojs because of how bad he was
(01:41 / Allies) Potato_Battery: not you oj
(01:43 / Allies) Potato_Battery: talking about last game
(01:46 / All) READ_MY_BLOG: whats a barracks and why should i get one?
(01:52 / All) OBAMA_PYLON: It makes attack units.
(01:54 / All) OMG_Daddy_NO: cuz it makes pedophiles
(01:58 / All) OBAMA_PYLON: You need them to defeat other attack units!
(02:00 / All) READ_MY_BLOG: units?!
(02:03 / All) OMG_Daddy_NO: not units
(02:03 / All) READ_MY_BLOG: isnt this dota?
(02:04 / Allies) Potato_Battery: gonna have a late hero
(02:05 / All) OMG_Daddy_NO: pedophiles
(02:05 / All) SwedishSemiPro: WTF IS A UNIT
(02:08 / All) OMG_Daddy_NO: they rape little footmen
(02:14 / All) READ_MY_BLOG: my friend told me to play dota with him
(02:17 / All) READ_MY_BLOG: which one of you is tobias?
(02:30 / Allies) OMG_Daddy_NO: im bernadostache
(02:32 / All) READ_MY_BLOG: TOBIAS?
(02:35 / All) OMG_Daddy_NO: sup guiz
(03:10 / All) OMG_Daddy_NO: they call me the marching man
(03:44 / All) OBAMA_PYLON: MIA RIGHT
(03:46 / All) Potato_Battery: Yellows already wounded?
(03:46 / All) OMG_Daddy_NO: once upon a time
(03:51 / All) OMG_Daddy_NO: in a land far far away
(04:04 / All) OBAMA_PYLON: My name is Mr...Snrub.
(04:08 / All) OBAMA_PYLON: And I come from someplace FAR away!
(04:08 / All) Potato_Battery: LOL yellow
(04:10 / All) OBAMA_PYLON: Yes, that'll do.
(04:27 / All) OMG_Daddy_NO: i know a bar out in mars
(04:33 / All) OMG_Daddy_NO: where they drivin space ships instead of cars
(04:43 / All) OBAMA_PYLON: READ_MY_BLOG:
(04:45 / All) Blackeye41: ET
(04:46 / All) OBAMA_PYLON: Meet my base build, fuckface.
(05:02 / All) OBAMA_PYLON: NO
(05:03 / All) OBAMA_PYLON: DONT
(05:03 / All) OBAMA_PYLON: YOU
(05:04 / All) OBAMA_PYLON: DARE
(05:05 / All) OBAMA_PYLON: FUCK
(05:09 / Allies) Potato_Battery: what
(05:22 / Allies) OBAMA_PYLON: He's trying to glitch into my base.
(05:25 / All) Potato_Battery: lol
(05:30 / Allies) Potato_Battery: didn't know you could do that
(05:36 / Allies) Potato_Battery: that a recent find?
(05:41 / Allies) OBAMA_PYLON: Kinda.
(05:45 / Allies) OBAMA_PYLON: I dunno how he does it with an item, though.
(05:51 / Allies) OBAMA_PYLON: Lumber, quick.
(06:01 / All) Blackeye41: um u noob rite??
(06:02 / Allies) OBAMA_PYLON: Thanks.
(06:07 / All) OBAMA_PYLON: You suck.
(06:08 / All) OBAMA_PYLON: Shut up.
(06:11 / All) OBAMA_PYLON: Don't diss blue EVER.
(06:23 / Allies) Potato_Battery: haha
(06:24 / All) READ_MY_BLOG: damnit ghetto
(06:27 / All) OBAMA_PYLON: What?
(06:29 / All) Blackeye41: who is he talking to??
(06:30 / All) READ_MY_BLOG: if i knew the exact mechanics behind the item abuse bug
(06:34 / All) READ_MY_BLOG: i woulda raped yo base
(06:42 / All) OBAMA_PYLON: I see.
(06:48 / All) READ_MY_BLOG: havent u seen it?
(06:50 / All) READ_MY_BLOG: its super gay
(06:51 / All) OBAMA_PYLON: Nah.
(07:15 / All) Potato_Battery: just lost 6 headhunters to creeps
(07:17 / All) Potato_Battery: go me
(07:25 / Allies) OMG_Daddy_NO: PRO STYLEZ
(07:46 / All) OMG_Daddy_NO: LAWL
(07:46 / All) OBAMA_PYLON: LOL
(07:48 / All) READ_MY_BLOG: faggot
(07:48 / All) OMG_Daddy_NO: uh oh
(07:51 / All) OMG_Daddy_NO: nigger got owned
(07:54 / Allies) OBAMA_PYLON: Take if you want.
(08:00 / All) READ_MY_BLOG: typical racist amerikant fatty
(08:00 / Allies) OMG_Daddy_NO: kk
(08:03 / All) OMG_Daddy_NO: lawl
(08:06 / All) OMG_Daddy_NO: hey brah stfu
(08:08 / All) OMG_Daddy_NO: niggersauce
(08:16 / All) READ_MY_BLOG: BREUH DONT BE FRONTIN'
(08:18 / Allies) OMG_Daddy_NO: ima take in a sec
(08:21 / Allies) OMG_Daddy_NO: when citadel is done
(08:22 / Allies) OMG_Daddy_NO: nvm
(08:23 / Allies) OBAMA_PYLON: Okay.
(09:05 / Allies) Potato_Battery: "
(09:17 / Allies) garybier: got wood?
(09:25 / Allies) Potato_Battery: not really no
(09:27 / Allies) OBAMA_PYLON: Thanks.
(09:34 / Allies) OMG_Daddy_NO: no, i got 20
(09:54 / All) Potato_Battery: oh darn
(10:24 / Allies) OBAMA_PYLON: Shit.
(10:25 / Allies) OBAMA_PYLON: Hawks.
(11:11 / All) Potato_Battery: i forgot this was dragon falls for some reason
(11:30 / All) OBAMA_PYLON: STFU CHICKEN
(11:41 / Allies) garybier: got more wood?
(11:52 / Allies) garybier: ty so much
(12:07 / Allies) OBAMA_PYLON: Si.
(12:10 / Allies) OBAMA_PYLON: Going Gyros.
(12:17 / Allies) OBAMA_PYLON: If I can.
(12:24 / Allies) Potato_Battery: hey green can you pass some wood plaese
(12:34 / Allies) Potato_Battery: ty
(13:07 / Allies) garybier: need help?
(13:09 / Allies) OBAMA_PYLON: Neg.
(13:13 / Allies) OBAMA_PYLON: watch out for bats
(13:45 / Allies) OBAMA_PYLON: Screw it, gotta Tank.
(14:22 / Allies) OMG_Daddy_NO: omw pink
(14:36 / Allies) Potato_Battery: ty
(14:57 / All) READ_MY_BLOG: raped
(15:03 / All) OBAMA_PYLON: You're not supposed to use "raped" on the internet.
(15:07 / All) OBAMA_PYLON: It's unprofessional.
(15:19 / Allies) Potato_Battery: got frost breath?
(15:23 / Allies) Potato_Battery: if so we can just bust that expo
(15:31 / Allies) OMG_Daddy_NO: im getting it right now
(15:38 / Allies) Potato_Battery: red has tanks too
(15:51 / All) OBAMA_PYLON: This is gonna be a hilarious game, I feel.
(16:24 / Allies) OBAMA_PYLON: Lumber if you got more, please.
(16:41 / Allies) Potato_Battery: got nones orry
(16:44 / Allies) OBAMA_PYLON: Kk.
(16:50 / Allies) OBAMA_PYLON: And yeah, going straight Tank.
(16:51 / Allies) OBAMA_PYLON: Gotta.
(18:31 / All) READ_MY_BLOG: tt
(18:32 / All) OBAMA_PYLON: Get bent.
(18:34 / All) READ_MY_BLOG: used windwalk
(18:37 / All) READ_MY_BLOG: but 50 sec aze delay
(18:48 / All) OBAMA_PYLON: And 300 Swedesh intelligence delay.
(18:51 / Allies) Potato_Battery: aw damn
(18:54 / All) READ_MY_BLOG: brah u bad
(18:56 / All) READ_MY_BLOG: dont front
(19:09 / All) OBAMA_PYLON: Speaking of fronts, time to build one.
(19:35 / Allies) Potato_Battery: if anyone has wood
(19:36 / Allies) Potato_Battery: plaese :P
(19:38 / All) READ_MY_BLOG: i like how yellows massing raiders
(19:45 / Allies) Potato_Battery: ty
(19:53 / All) READ_MY_BLOG: yo yellow
(19:58 / All) READ_MY_BLOG: Raiders do well against tanks dagw
(20:00 / All) READ_MY_BLOG: dawg*
(20:06 / Allies) OBAMA_PYLON: brb
(20:10 / All) Potato_Battery: orange
(20:12 / All) Potato_Battery: purge your blademaster
(20:20 / All) Potato_Battery: nevermind
(21:12 / Allies) Potato_Battery: gold please
(21:25 / Allies) Potato_Battery: someone
(21:30 / Allies) Potato_Battery: ty
(24:01 / Allies) Potato_Battery: gold pelase
(24:10 / Allies) Potato_Battery: ty
(24:26 / Allies) garybier: wood me
(24:40 / Allies) garybier: tyanks
(24:51 / Allies) OBAMA_PYLON: Si.
(25:13 / Allies) OBAMA_PYLON: Taking that mine.
(25:14 / Allies) OBAMA_PYLON: I need it.
(25:19 / Allies) Potato_Battery: ok
(25:47 / Allies) Potato_Battery: oj
(25:48 / Allies) Potato_Battery: gold pelase
(26:12 / Allies) Potato_Battery: ty
(26:37 / Allies) Potato_Battery: this is lookin bad
(26:52 / Allies) OBAMA_PYLON: Lumber.
(26:53 / All) Blackeye41: well gg fuken noobs
(26:57 / All) OBAMA_PYLON: gg
(27:20 / Allies) OBAMA_PYLON: Taking.
(27:21 / Allies) OBAMA_PYLON: I need.
(27:31 / Allies) Potato_Battery: i don't think anyone will challenge you on that lol
(27:50 / Allies) Potato_Battery: i'm all outta gold but if you ever need wood i got lotsl
(28:04 / Allies) Potato_Battery: what
(28:07 / Allies) Potato_Battery: you ran everythinginto his storm
(28:16 / Allies) OBAMA_PYLON: I got lazy.
(28:45 / All) READ_MY_BLOG: nerds
(28:46 / Allies) OBAMA_PYLON: Game.
(28:50 / All) Potato_Battery: pheeeww
(28:50 / All) SwedishSemiPro: GEEKS
(28:51 / All) Potato_Battery: gg